 Dungeon Crawl Stone Soup version 0.30-a0-626-gd6a5dd7a1f (webtiles) character file.

Game seed: 10898574385026411128

600 wormed the Ducker (level 7, -14/56 HPs)
             Began as a Gnoll Wanderer on Jan 11, 2023.
             Killed from afar by Maggie (17 damage)
             ... with a bolt of fire
             ... on level 7 of the Dungeon.
             The game lasted 00:03:58 (3435 turns).

wormed the Ducker (Gnoll Wanderer)                  Turns: 3435, Time: 00:03:58

Health: -14/56     AC:  5    Str: 11    XL:     7   Next: 41%
Magic:  0/12       EV: 14    Int: 13    God:
Gold:   244        SH:  0    Dex: 12    Spells: 12/13 levels left

rFire   . . .      SeeInvis .    a - +2 sling
rCold   . . .      Faith    .    (no shield)
rNeg    . . .      Spirit   +    d - +0 leather armour
rPois   .          Reflect  .    o - +0 helmet
rElec   .          Harm     .    (no cloak)
rCorr   .          Rampage  .    h - +0 pair of gloves
Will    .....                    (no boots)
Stlth   ++                       k - amulet of guardian spirit
HPRegen 0.29/turn                (no ring)
MPRegen 0.13/turn                (no ring)

@: mesmerised
A: fangs 1, strong nose, distributed training
a: no special abilities


You were on level 7 of the Dungeon.
You visited 1 branch of the dungeon, and saw 6 of its levels.

You collected 244 gold pieces.

Inventory:

Hand Weapons
 a - a +2 sling (weapon)
Armour
 b - a +0 pair of gloves
 d - a +0 leather armour (worn)
 h - a +0 pair of gloves (worn)
 o - a +0 helmet (worn)
Jewellery
 k - an amulet of guardian spirit (around neck)
Scrolls
 c - a scroll of fog
 e - 2 scrolls of teleportation
 f - a scroll of magic mapping
 g - 3 scrolls of amnesia
 m - a scroll of enchant armour
 p - a scroll of blinking {unknown}
 r - a scroll of identify
Potions
 i - 3 potions of might
 j - a potion of resistance
 l - a potion of haste {unknown}
 n - a potion of heal wounds {unknown}
 q - 2 potions of curing {unknown}
 s - a potion of degeneration {unknown}


   Skills:
 + Level 5.3 Fighting
 + Level 2.5 Short Blades
 + Level 2.5 Long Blades
 + Level 2.5 Axes
 + Level 2.5 Maces & Flails
 + Level 2.5 Polearms
 + Level 2.5 Staves
 + Level 7.1 Ranged Weapons
 + Level 2.5 Throwing
 + Level 2.5 Armour
 + Level 7.1 Dodging
 + Level 2.5 Stealth
 + Level 2.5 Shields
 + Level 2.5 Unarmed Combat
 + Level 3.8 Spellcasting
 + Level 2.1 Conjurations
 + Level 2.1 Hexes
 + Level 2.1 Summonings
 + Level 2.1 Necromancy
 + Level 2.1 Translocations
 + Level 2.1 Transmutations
 + Level 2.1 Fire Magic
 + Level 2.1 Ice Magic
 + Level 2.1 Air Magic
 + Level 2.1 Earth Magic
 + Level 3.0 Poison Magic
 + Level 2.8 Invocations
 + Level 2.5 Evocations


You had 12 spell levels left.
You knew the following spells:

 Your Spells              Type           Power      Damage    Failure   Level
a - Sting                 Tmut/Pois      36%        1d4       10%         1

Your spell library contained the following spells:

 Spells                   Type           Power      Damage    Failure   Level
 Magic Dart               Conj           32%        1d4       12%         1
 Poisonous Vapours        Pois/Air       18%        N/A       14%         2
 Call Imp                 Summ           8%         N/A       19%         2
 Ensorcelled Hibernation  Hex/Ice        16%        N/A       19%         2
 Passwall                 Tmut/Erth      6%         N/A       19%         2
 Spider Form              Tmut/Pois      9%         N/A       28%         3
 Mephitic Cloud           Conj/Pois/Air  8%         N/A       30%         3
 Tukima's Dance           Hex            8%         N/A       34%         3
 Olgreb's Toxic Radiance  Pois           10%        N/A       61%         4
 Fulminant Prism          Conj/Hex       4%         3d5       75%         4
 Passage of Golubria      Tloc           8%         N/A       75%         4
 Lee's Rapid Deconstruct  Erth           4%         3d5*      97%         5
 Metabolic Englaciation   Hex/Ice        4%         N/A       97%         5
 Yara's Violent Unravell  Hex/Tmut       4%         3d4       97%         5


Dungeon Overview and Level Annotations

Branches:
Dungeon (7/15)
 Temple: D:4-7

Altars:
Dithmenos
Hepliaklqana

Shops:
D:1 *

Annotations:
D:7 Maggie


Innate Abilities, Weirdness & Mutations

You have very sharp teeth.
Your uncanny sense of smell can sniff out nearby items.
Your experience applies equally to all skills.


Message History

You cannot move away from Maggie!
You cannot move away from Maggie!
You cannot move away from Maggie!
You cannot move away from Maggie!
You cannot move away from Maggie!
You cannot move away from Maggie!
You cannot move away from Maggie!
You cannot move away from Maggie!
You cannot move away from Maggie!
You cannot move away from Maggie!
You cannot move away from Maggie!
You cannot move away from Maggie!
You cannot move away from Maggie!
You cannot move away from Maggie!
You cannot move away from Maggie!
You cannot move away from Maggie!
You cannot move away from Maggie!
You cannot move away from Maggie!
You cannot move away from Maggie!
You cannot move away from Maggie!
You cannot move away from Maggie!
You cannot move away from Maggie!
You cannot move away from Maggie!
You cannot move away from Maggie!
You cannot move away from Maggie!
You cannot move away from Maggie!
You cannot move away from Maggie!
You cannot move away from Maggie!
You cannot move away from Maggie!
You cannot move away from Maggie!
You cannot move away from Maggie!
You cannot move away from Maggie!
You shoot a sling bullet. The sling bullet hits Maggie.
Maggie is lightly wounded.
Maggie hits you with a +0 morningstar!
* * * LOW HITPOINT WARNING * * *
You shoot a sling bullet. The sling bullet barely misses Maggie.
Maggie gestures at you while chanting. The bolt of fire hits you!!
You die...

#.....')..+
#.#####...#
#.# #...#∆
#.# #...#
#<# +...+
### #...#
...##..!#
......@.#
#.#.#..@+
........#
#.#.#....
......#.#.
#.#.#.#.#..
(.:...#.#
##
#######.#
..#


You could see Maggie (mesmerising).

Vanquished Creatures
  An ice beast (D:6)
  An ogre (D:6)
  A bullfrog (D:7)
  A necrophage (D:3)
  2 wights (D:7)
  A jelly (D:6)
  An iguana (D:7)
  7 adders
  2 dart slugs (D:2)
  3 orcs (D:3)
  5 bats
  7 endoplasms
  6 giant cockroaches
  2 goblins
  4 hobgoblins
  6 jackals
  3 quokkas
  7 ball pythons
  3 frilled lizards
  4 kobolds
  5 rats
72 creatures vanquished.

Notes
Turn   | Place    | Note
-------+----------+-------------------------------------------
     0 | D:1      | wormed the Gnoll Wanderer began the quest for the Orb.
     0 | D:1      | wormed set off with the following items: a +2 sling, a +0
                  | pair of gloves, a scroll of fog, a +0 leather armour; and
                  | the following spell memorised: Sting; and the following
                  | spells available to memorise: Spider Form.
     0 | D:1      | Reached XP level 1. HP: 20/20 MP: 4/4
   111 | D:1      | Reached XP level 2. HP: 26/26 MP: 5/5
   124 | D:1      | Got Sif Muna's Codex of Geology and the Maleficium
   502 | D:1      | Found Caonyud's Assorted Antiques.
   524 | D:1      | Found a faded altar of an unknown god.
   617 | D:1      | Reached XP level 3. HP: 31/31 MP: 7/7
   997 | D:2      | Reached skill level 1 in Invocations
  1004 | D:2      | Reached skill level 1 in Short Blades
  1004 | D:2      | Reached skill level 1 in Long Blades
  1004 | D:2      | Reached skill level 1 in Axes
  1004 | D:2      | Reached skill level 1 in Maces & Flails
  1004 | D:2      | Reached skill level 1 in Polearms
  1004 | D:2      | Reached skill level 1 in Staves
  1004 | D:2      | Reached skill level 1 in Throwing
  1004 | D:2      | Reached skill level 1 in Armour
  1004 | D:2      | Reached skill level 1 in Stealth
  1004 | D:2      | Reached skill level 1 in Shields
  1004 | D:2      | Reached skill level 1 in Unarmed Combat
  1004 | D:2      | Reached skill level 1 in Evocations
  1158 | D:2      | Reached XP level 4. HP: 38/38 MP: 8/8
  1362 | D:2      | Reached skill level 1 in Conjurations
  1362 | D:2      | Reached skill level 1 in Hexes
  1362 | D:2      | Reached skill level 1 in Summonings
  1362 | D:2      | Reached skill level 1 in Necromancy
  1362 | D:2      | Reached skill level 1 in Translocations
  1362 | D:2      | Reached skill level 1 in Transmutations
  1362 | D:2      | Reached skill level 1 in Fire Magic
  1362 | D:2      | Reached skill level 1 in Ice Magic
  1362 | D:2      | Reached skill level 1 in Air Magic
  1362 | D:2      | Reached skill level 1 in Earth Magic
  2577 | D:3      | Found a hazy altar of Hepliaklqana.
  2578 | D:3      | Found a shadowy altar of Dithmenos.
  2580 | D:3      | Noticed a shadow
  2623 | D:3      | Reached XP level 5. HP: 43/43 MP: 9/9
  2880 | D:4      | You fall into a shaft and drop 2 floors!
  2886 | D:6      | Noticed an ice beast
  2907 | D:6      | Killed an ice beast
  2908 | D:6      | Reached skill level 5 in Fighting
  2908 | D:6      | Reached XP level 6. HP: 14/51 MP: 1/11
  3200 | D:6      | Noticed a black bear
  3201 | D:6      | Noticed an ice beast
  3255 | D:7      | Reached XP level 7. HP: 38/56 MP: 6/12
  3416 | D:7      | Noticed Maggie
  3434 | D:7      | HP: 2/56 [Maggie/+0 morningstar (6)]
  3435 | D:7      | Killed from afar by Maggie

Illustrated notes

Levels and vault maps discovered:
D:1:      ncdulo_halloftheorcs, layout_loops_ring, serial_shops, shop,
          shapermc_ecumenical_altar_pompeii, reono_crystal_passage
D:2:      minmay_skewed_foursquare, layout_loops_corners, kennysheep_flooded_box
D:3:      layout_basic, riverfiend_overflow_shadow_ancestor
D:4:      layout_basic, gammafunk_ghost_grave, cheibrodos_sewer_entry_sluice,
          serial_bayou_lagoon_a
D:6:      layout_basic, tso_altar, led_sif_book, gammafunk_ghost_cemetery,
          chequers_serial_rivers_large_a
D:7:      layout_basic, minmay_temple_entry_large_hall, serial_co_window_serial,
          co_window_cross_1, co_window_paths_b, co_window_paths_b,
          co_window_corner_a, co_window_corner_a, co_window_unsneaky_path_a,
          co_window_unsneaky_path_e, co_window_2corner,
          co_window_unsneaky_path_a, glass_columns_b, uniq_maggie, uniq_joseph,
          uniq_prince_ribbit1

Skill      XL: |  1  2  3  4  5  6  7 |
---------------+----------------------+-----
Poison Magic   | 2 3 |  3.0
Invocations    | 1 2 |  2.8
Short Blades   | 1 2 |  2.5
Long Blades    | 1 2 |  2.5
Axes           | 1 2 |  2.5
Maces & Flails | 1 2 |  2.5
Polearms       | 1 2 |  2.5
Staves         | 1 2 |  2.5
Throwing       | 1 2 |  2.5
Armour         | 1 2 |  2.5
Stealth        | 1 2 |  2.5
Shields        | 1 2 |  2.5
Unarmed Combat | 1 2 |  2.5
Evocations     | 1 2 |  2.5
Spellcasting   | 3 |  3.8
Conjurations   | 1 2 |  2.1
Hexes          | 1 2 |  2.1
Summonings     | 1 2 |  2.1
Necromancy     | 1 2 |  2.1
Translocations | 1 2 |  2.1
Transmutations | 1 2 |  2.1
Fire Magic     | 1 2 |  2.1
Ice Magic      | 1 2 |  2.1
Air Magic      | 1 2 |  2.1
Earth Magic    | 1 2 |  2.1
Fighting       | 5 |  5.3
Ranged Weapons | 7 |  7.1
Dodging        | 7 |  7.1

Action                   |  1- 3 |  4- 6 |  7- 9 || total
-------------------------+-------+-------+-------++-------
Melee: Sling             |     4 |       |       ||     4
       Bite              |     1 |       |       ||     1
 Fire: Sling             |    85 |   154 |    34 ||   273
 Cast: Sting             |     4 |     2 |       ||     6
  Use: Scroll            |     1 |     5 |       ||     6
       Potion            |     2 |       |       ||     2
Armor: Leather armour    |    18 |    23 |     1 ||    42
Dodge: Dodged            |    36 |    74 |    27 ||   137

Table legend: (Time is in decaauts)
 A = Elapsed time spent in this place.
 B = Non-inter-level travel time spent in this place.
 C = Inter-level travel time spent in this place.
 D = Time resting spent in this place.
 E = Time spent auto-exploring this place.
 F = Levels seen in this place.
 G = Mean time per level.
                   A        B        C        D        E       F      G
               +--------+--------+--------+--------+--------+-----+--------+
         Total |   3472 |   3241 |    231 |     28 |   2659 |   6 |  578.7 |
       Dungeon |   3472 |   3241 |    231 |     28 |   2659 |   6 |  578.7 |
               +--------+--------+--------+--------+--------+-----+--------+

Top non-repeatable levels by time:
     D:2: 1121 daAuts
     D:1: 856 daAuts
     D:3: 851 daAuts
     D:6: 378 daAuts
     D:7: 185 daAuts
     D:4: 80 daAuts
